 Dungeon Crawl Stone Soup version 0.30-a0-250-g41c1d76940 (webtiles) character file.

Game seed: 4619801822997780942

290 brknglss the Sneak (level 6, -2/36 HPs)
             Began as an Octopode Earth Elementalist on Oct 12, 2022.
             Slain by an iguana (12 damage)
             ... on level 5 of the Dungeon.
             The game lasted 00:12:52 (2520 turns).

brknglss the Sneak (Octopode Earth Elementalist)    Turns: 2520, Time: 00:12:52

Health: -2/36      AC:  1    Str:  7    XL:     6   Next: 32%
Magic:  9/10       EV: 14    Int: 19    God:
Gold:   224        SH:  0    Dex: 13    Spells: 7/11 levels left

rFire   + . .      SeeInvis .    r - staff of cold
rCold   + . .      Faith    .    (no shield)
rNeg    . . .      Spirit   .    (helmet restricted)
rPois   .          Reflect  .    (no amulet)
rElec   .          Harm     .    o - ring of protection from fire
rCorr   .          Rampage  .    (no ring)
Will    .....                    (no ring)
Stlth   ++++......               (no ring)
HPRegen 0.26/turn                (no ring)
MPRegen 0.12/turn                (no ring)
                                 (no ring)
                                 (no ring)

@: no status effects
A: almost no armour, amphibious, 8 rings, camouflage 1, gelatinous body 1,
(nimble swimmer 1), tentacles
a: no special abilities


You were on level 5 of the Dungeon.
You visited 1 branch of the dungeon, and saw 5 of its levels.

You collected 224 gold pieces.

Inventory:

Hand Weapons
 d - a +0 hand axe of electrocution
Missiles
 e - 3 poisoned darts (quivered)
 h - 30 stones
 m - a throwing net
Magical Staves
 r - a staff of cold (weapon)
Jewellery
 o - a ring of protection from fire (left tentacle)
Wands
 b - a wand of light (10)
Scrolls
 f - a scroll of vulnerability
 i - a scroll of teleportation
 j - 3 scrolls of blinking {unknown}
 k - 2 scrolls of immolation {unknown}
 q - a scroll of magic mapping {unknown}
Potions
 a - a potion of magic
 c - 2 potions of heal wounds
 g - a potion of attraction
 l - 2 potions of curing
 n - a potion of haste {unknown}
 p - a potion of flight {unknown}


   Skills:
 + Level 3.1 Dodging
 - Level 5.0 Stealth
 + Level 3.0 Spellcasting
 - Level 1.0 Conjurations
 - Level 1.0 Transmutations
 * Level 0.0 Ice Magic
 * Level 4.8 Earth Magic


You had 7 spell levels left.
You knew the following spells:

 Your Spells              Type           Power      Damage    Failure   Level
a - Sandblast             Erth           42%        2d11      1%          1
b - Stone Arrow           Conj/Erth      28%        3d8       14%         3

Your spell library contained the following spells:

 Spells                   Type           Power      Damage    Failure   Level
 Passwall                 Tmut/Erth      10%        N/A       7%          2
 Static Discharge         Conj/Air       8%         2-3/arc   19%         2
 Blink                    Tloc           4%         N/A       22%         2
 Vhi's Electric Charge    Tloc/Air       4%         N/A       41%         3
 Petrify                  Tmut/Erth      13%        N/A       41%         4
 Manifold Assault         Tloc           2%         N/A       83%         4
 Arcjolt                  Conj/Air       2%         1d12      98%         5
 Freezing Cloud           Conj/Ice/Air   3%         6-21      98%         5
 Lightning Bolt           Conj/Air       2%         1d13      98%         5
 Simulacrum               Ice/Necr       2%         N/A       100%        6
 Storm Form               Tmut/Air       2%         N/A       100%        7
 Polar Vortex             Ice            2%         N/A       100%        9


Dungeon Overview and Level Annotations

Branches:
Dungeon (4/15)
 Temple: D:4-7

Altars:
Dithmenos
Elyvilon
Ru

Shops:
D:3 [


Innate Abilities, Weirdness & Mutations

You cannot wear most types of armour.
You are amphibious.
You can wear up to eight rings at the same time.
Your skin changes colour to match your surroundings (Stealth+).
Your rubbery body absorbs attacks. (AC +1, EV +1)
((You are camouflaged when in or above water. (Stealth+)))
You have tentacles for arms and can constrict up to eight enemies at once.


Message History

Found a long smoking staff.
There is a white marble altar of Elyvilon here.
q - a scroll labelled HOLUUPLUAG You see here a staff of cold.
r - a staff of cold
Okay, then.
Okay, then.
Found a stone staircase leading down.
Your +0 hand axe of electrocution stops crackling.
r - a staff of cold (weapon)
Found a stone staircase leading up.
You now have 209 gold pieces (gained 8).
You now have 224 gold pieces (gained 15).
An iguana comes into view.
Found a stone staircase leading up.
An iguana is nearby!
The helpless iguana fails to defend itself.
You hit the iguana but do no damage. You grab the iguana.
You constrict the iguana, but do no damage.
The iguana bites you!
You hit the iguana but do no damage. You constrict the iguana.
The iguana closely misses you.
You hit the iguana. You squeeze the iguana!
The iguana is severely wounded.
You constrict the iguana, but do no damage.
The iguana misses you.
You hit the iguana.
The iguana is severely wounded.
You constrict the iguana. The iguana bites you! The iguana bites you.
* * * LOW HITPOINT WARNING * * *
Casting: Sandblast (safe; 1% risk of failure)
Confirm with . or Enter, or press ? or * to list all spells.
Aiming: Sandblast (safe; 1% risk of failure)
Press: ? - help, Shift-Dir - straight line, f - iguana
Aim: an iguana (severely wounded, constricted by you, 100% to hit)
The blast of sand hits the iguana.
The iguana is almost dead.
You constrict the iguana, but do no damage.
The iguana bites you!
You die...

######### #.......#
...#.......## ####
#......##..## ...
#...#..#.##.#.##.####
##.##..#...###.@l.<.#
#. #.......#.##.##.#
# ##...<...###.##.#
########........
#.#####.# ######.#
#......# #.# #.>....#
#.# #......#####..


You could see an iguana.

Vanquished Creatures
  Eustachio (D:5)
  A hound (D:5)
  3 gnolls (D:2)
  An adder (D:2)
  An ufetubus (D:5)
  2 worms (D:3)
  3 dart slugs
  An orc (D:3)
  4 endoplasms
  2 giant cockroaches (D:1)
  5 goblins
  7 hobgoblins
  3 kobolds
  A quokka (D:3)
  11 ball pythons
  9 bats
  4 frilled lizards
  3 rats
62 creatures vanquished.

Vanquished Creatures (others)
  10 plants (D:1)
10 creatures vanquished.

Grand Total: 72 creatures vanquished

Notes
Turn   | Place    | Note
-------+----------+-------------------------------------------
     0 | D:1      | brknglss the Octopode Earth Elementalist began the quest
                  | for the Orb.
     0 | D:1      | Reached XP level 1. HP: 11/11 MP: 3/3
   145 | D:1      | Reached skill level 3 in Stealth
   154 | D:1      | Reached XP level 2. HP: 17/17 MP: 5/5
   429 | D:1      | Reached XP level 3. HP: 11/21 MP: 6/6
   894 | D:2      | Learned a level 3 spell: Stone Arrow
  1123 | D:2      | Reached skill level 4 in Stealth
  1222 | D:2      | Reached XP level 4. HP: 23/27 MP: 7/7
  1853 | D:3      | Found a shadowy altar of Dithmenos.
  1893 | D:3      | Found Zeocvaen's Armour Shoppe.
  2216 | D:4      | You fall into a shaft and drop 1 floor!
  2216 | D:5      | Entered Level 5 of the Dungeon
  2216 | D:5      | Found a sacrificial altar of Ru.
  2316 | D:5      | Reached XP level 5. HP: 28/31 MP: 6/9
  2350 | D:5      | Noticed a water moccasin
  2414 | D:5      | Found a white marble altar of Elyvilon.
  2414 | D:5      | Noticed Eustachio
  2421 | D:5      | Killed Eustachio
  2422 | D:5      | Reached skill level 5 in Stealth
  2422 | D:5      | Reached skill level 1 in Conjurations
  2422 | D:5      | Reached XP level 6. HP: 32/36 MP: 4/10
  2520 | D:5      | Slain by an iguana

Illustrated notes

Levels and vault maps discovered:
D:1:      giann_horns, layout_loops_ring, serial_forest,
          infiniplex_forest_lined_4_way, infiniplex_forest_join,
          infiniplex_forest_straight_2, infiniplex_forest_clump_small,
          infiniplex_forest_clump_curved
D:2:      layout_basic, minmay_cupped
D:3:      layout_rooms, nicolae_dithmenos_the_darkroom, serial_glass,
          glass_columns_a, glass_columns_c, serial_shops, shop,
          chequers_serial_rivers_micro_b
D:4:      minmay_angry_zag, layout_loops_ring, marbit_many_paths
D:5:      layout_loops_cross, mainiacjoe_overflow_catch_the_wave,
          kennysheep_cross_room, uniq_grinder, uniq_eustachio

Skill      XL: |  1  2  3  4  5 |
---------------+----------------+-----
Stealth        | 3 4 5 |  5.0
Earth Magic    | 4 |  4.8
Dodging        | 3 |  3.1
Spellcasting   | 3 |  3.0
Conjurations   | 1 |  1.0
Transmutations | |  1.0

Action                   |  1- 3 |  4- 6 || total
-------------------------+-------+-------++-------
Melee: Unarmed           |     8 |       ||     8
       Hand axe          |    49 |    27 ||    76
       Tentacles         |    17 |     7 ||    24
       Constrict         |    12 |     9 ||    21
       Staff             |       |     4 ||     4
Throw: Dart              |       |     1 ||     1
 Cast: Sandblast         |    11 |    27 ||    38
       Stone Arrow       |       |     1 ||     1
  Use: Scroll            |       |     6 ||     6
 Stab: Sleeping          |     9 |     3 ||    12
       Distracted        |       |     1 ||     1
Armor: Skin              |     2 |       ||     2
Dodge: Dodged            |    39 |    34 ||    73

Table legend: (Time is in decaauts)
 A = Elapsed time spent in this place.
 B = Non-inter-level travel time spent in this place.
 C = Inter-level travel time spent in this place.
 D = Time resting spent in this place.
 E = Time spent auto-exploring this place.
 F = Levels seen in this place.
 G = Mean time per level.
                   A        B        C        D        E       F      G
               +--------+--------+--------+--------+--------+-----+--------+
         Total |   2559 |   2474 |     85 |    394 |   1316 |   5 |  511.8 |
       Dungeon |   2559 |   2474 |     85 |    394 |   1316 |   5 |  511.8 |
               +--------+--------+--------+--------+--------+-----+--------+

Top non-repeatable levels by time:
     D:1: 836 daAuts
     D:2: 831 daAuts
     D:3: 583 daAuts
     D:5: 308 daAuts
